 Dungeon Crawl Stone Soup version 0.28-b1-25-g9875b3fc8c (webtiles) character file.

Game seed: 7536736880272259159

251 hawla the Conjurer (level 5, -3/57 HPs)
             Began as a Draconian Conjurer on Feb 2, 2022.
             Killed by miscasting Iskenderun's Mystic Blast (8 damage)
             ... on level 3 of the Dungeon.
             The game lasted 00:09:51 (4050 turns).

hawla the Conjurer (Draconian Conjurer)             Turns: 4050, Time: 00:09:52

Health: -3/57      AC: 22    Str:  9    XL:     5   Next: 88%
Magic:  0/11       EV:  2    Int: 20    God:
Gold:   205        SH:  0    Dex: 10    Spells: 5/12 levels left

rFire   . . .      SeeInvis .   a - +0 whip
rCold   . . .      Faith    .   (no shield)
rNeg    . . .      Spirit   .   (armour unavailable)
rPois   +          Reflect  .   (helmet currently unavailable)
rElec   .          Harm     .   (cloak currently unavailable)
rCorr   .          Rampage  .   (gloves currently unavailable)
Will    .....      NoTele   +   (boots currently unavailable)
Stlth   ++........              (no amulet)
HPRegen 0.19/turn               (no ring)
MPRegen 0.12/turn               (no ring)

@: tree-form, attractive, very slightly contaminated, hasted, very quick
A: stationary, stasis, torment immunity, boosted hp, AC +5, unfitting armour,
(cold-blooded)
a: no special abilities


You were on level 3 of the Dungeon.
You were a tree.
You visited 1 branch of the dungeon, and saw 4 of its levels.

You collected 205 gold pieces.

Inventory:

Hand Weapons
 a - a +0 whip (weapon)
Missiles
 o - a throwing net
Jewellery
 d - a +6 ring of strength
Wands
 f - a wand of flame (25)
Potions
 b - 2 potions of cancellation
 h - a potion of haste
 j - a potion of brilliance


   Skills:
 - Level 1.7 Dodging
 - Level 1.7 Stealth
 + Level 4.1 Spellcasting
 - Level 5.0 Conjurations
 - Level 3.0 Translocations


You had 5 spell levels left.
You knew the following spells:

 Your Spells              Type           Power      Damage    Failure   Level
a - Magic Dart            Conj           96%        1d7       1%          1
b - Searing Ray           Conj           48%        2d6       2%          2
c - Iskenderun's Mystic   Conj/Tloc      20%        2d6       24%         4

Your spell library contained the following spells:

 Spells                   Type           Power      Damage    Failure   Level
 Dazzling Flash           Conj/Hex       28%        N/A       14%         3
 Fulminant Prism          Conj/Hex       7%         3d7       41%         4


Dungeon Overview and Level Annotations

Branches:
Dungeon (4/15)
 Temple: D:4-7

Altars:
Kikubaaqudgha

Shops:
D:2 *

Annotations:
D:3 Pikel


Innate Abilities, Weirdness & Mutations

You are a tree.
Your roots penetrate the ground, keeping you stationary.
You cannot be teleported.
You are immune to unholy pain and torment.
Your maximum health is greatly increased.
Your equipment is partially melded.
((Your plain brown scales are hard. (AC +5)))
You cannot fit into any form of body armour.
((You are cold-blooded and may be slowed by cold attacks.))


Message History

The mystic blast hits the lemure.
The lemure is heavily wounded.
The lemure is knocked back by the mystic blast.
The lemure slams into the rock wall!
The lemure is severely wounded.
Pikel closely misses you. The lemure hits you.
Casting: Iskenderun's Mystic Blast (quite dangerous; 24% risk of failure)
Confirm with . or Enter, or press ? or * to list all spells.
Aiming: Searing Ray (safe; 2% risk of failure)
Press: ? - help, Shift-Dir - straight line, f - Pikel
Aim: Pikel, wielding a +1 whip of freezing and wearing a +2 robe of cold resistance (moderately wounded, 74% to hit)
Okay, then.
You feel yourself speed up. Pikel closely misses you. The lemure misses you.
Pikel hits you with a +1 whip of freezing!
* * * LOW HITPOINT WARNING * * *
You feel yourself slow down. Pikel freezes you.
* * * LOW HITPOINT WARNING * * *
You climb upwards.
You feel yourself speed up.
There is a stone staircase leading down here.
Really quaff the potion of lignification?
You turn into a tree.
Your roots penetrate the ground.
The lemure hits you.
* * * LOW HITPOINT WARNING * * *
Pikel hits you but does no damage.
It was a potion of haste.
You feel yourself speed up. The lemure hits you but does no damage.
Pikel hits you but does no damage.
It was a potion of attraction.
You feel attractive to monsters. The lemure barely misses you.
Your magical contamination has completely faded away.
It was a potion of flight.
Your roots keep you in place.
Pikel hits you but does no damage. The lemure hits you but does no damage.
Casting: Searing Ray (safe; 2% risk of failure)
Confirm with . or Enter, or press ? or * to list all spells.
The spell is quite dangerous to miscast (24% risk of failure)!
Continue anyway?
You miscast Iskenderun's Mystic Blast.
You are very lightly contaminated with residual magic.
Sparks fly from your branches!
You die...

#...)......#
############################.#
..................# #.#
#########.##..###.# #.#
#.###.# #.# #.# #.# #.# #.#
#.# #.# #.###)# #.#
#########.###..##.# #.#
............[..K♣5# ########.#
#########..###.#..# #........#
#.........# #.########
#.<......## #.# ##.....#.# #.#
#.....#.# #.# #######.......#
#.# #....###...#..# #.#
#........###..## #.#


You could see Pikel and a lemure.

Vanquished Creatures
  A necrophage (D:4)
  2 lemures (D:4)
  A hound (D:4)
  A hound skeleton (D:4)
  4 adders
  An ufetubus (D:4)
  2 worms (D:2)
  4 dart slugs
  An orc (D:3)
  5 endoplasms
  3 giant cockroaches
  6 hobgoblins
  3 quokkas
  11 ball pythons
  4 bats (D:1)
  3 frilled lizards
  6 goblins
  6 kobolds
  5 rats
69 creatures vanquished.

Notes
Turn   | Place    | Note
-------+----------+-------------------------------------------
     0 | D:1      | hawla the Draconian Conjurer began the quest for the Orb.
     0 | D:1      | Reached XP level 1. HP: 14/14 MP: 3/3
   214 | D:1      | Reached XP level 2. HP: 6/20 MP: 3/5
   220 | D:1      | Reached skill level 1 in Translocations
  1136 | D:1      | Reached XP level 3. HP: 18/26 MP: 0/6
  1451 | D:2      | Learned a level 2 spell: Searing Ray
  1594 | D:2      | Found Peweyf Elatz's Assorted Antiques.
  1598 | D:2      | Found an ancient bone altar of Kikubaaqudgha.
  2423 | D:2      | Reached XP level 4. HP: 33/33 MP: 3/8
  2428 | D:2      | Learned a level 4 spell: Iskenderun's Mystic Blast
  2548 | D:2      | Found a faded altar of an unknown god.
  3606 | D:4      | Noticed a necrophage
  3624 | D:4      | Killed a necrophage
  3625 | D:4      | Reached skill level 5 in Conjurations
  3625 | D:4      | Reached XP level 5. HP: 11/38 MP: 1/10
  3851 | D:4      | Noticed a lemure
  3852 | D:4      | Noticed a lemure
  3854 | D:4      | Noticed Pikel
  3855 | D:4      | Noticed a lemure
  3863 | D:4      | Killed a lemure
  3864 | D:4      | Killed a lemure
  3864 | D:4      | Noticed a lemure
  4050 | D:3      | Killed by miscasting Iskenderun's Mystic Blast

Illustrated notes

Levels and vault maps discovered:
D:1:      dpeg_arrival_windows_large_door, layout_basic, bh_walls_and_bars
D:2:      minmay_razor_zed, layout_loops_ring, basic_altar, serial_shops,
          nicolae_diamond_shop, shapermc_ecumenical_altar_notcrosses
D:3:      layout_basic
D:4:      layout_loops_ring, uniq_duvessa, uniq_pikel, uniq_eustachio

Skill      XL: |  1  2  3  4  5 |
---------------+----------------+-----
Translocations | 1 3 |  3.0
Spellcasting   | 3 4 |  4.1
Conjurations   | 5 |  5.0
Dodging        | |  1.7
Stealth        | |  1.7

Action                   |  1- 3 |  4- 6 || total
-------------------------+-------+-------++-------
Melee: Unarmed           |     9 |       ||     9
       Tailslap          |     2 |     4 ||     6
       Whip              |     7 |    12 ||    19
 Cast: Magic Dart        |    53 |    13 ||    66
       Searing Ray       |    12 |    21 ||    33
       Iskenderun's Myst |       |     1 ||     1
  Use: Scroll            |     2 |     7 ||     9
       Potion            |       |     4 ||     4
Armor: Skin              |    14 |    12 ||    26
Dodge: Dodged            |    28 |    17 ||    45
